Map: Hecate LE

Players

Firegiggi

  • Race: Zerg Zerg
  • League: Platinum
  • Spawn Location: 1:00

demzi - Winner!

  • Race: Zerg Zerg
  • League: Diamond
  • Spawn Location: 7:00

VOD

Have the link to the VOD?

Description

Time

  • Played on: March 24, 2024, 3:20 p.m.
  • Length: 11:00
Show
View Real Time Build Order
Export as new Build Order

Firegiggi Zerg 

Build Orders: Hatch First 

Get SALT Encoding   

  12  0:00  Drone  
  13  0:08  Drone  
  14  0:16  Overlord  
  14  0:35  Drone x3  
  17  0:52  Hatchery  
  17  0:55  Drone  
  17  1:09  Spawning Pool  
  16  1:12  Drone  
  16  1:16  Extractor  
  16  1:18  Drone  
  16  1:23  Drone  
  18  1:32  Drone  
  19  1:41  Overlord  
  19  1:50  Drone  
  20  1:55  Queen  
  20  2:01  Drone  
  23  2:06  Queen  
  23  2:08  Drone  
  26  2:13  Drone  
  27  2:17  Metabolic Boost  
  27  2:21  Drone  
  28  2:25  Drone  
  28  2:26  Drone  
  30  2:34  Overlord  
  30  2:41  Overlord  
  30  2:46  Zergling x2  
  31  2:52  Overlord  
  31  2:56  Zergling x2  
  32  3:01  Zergling x2  
  34  3:05  Zergling x2  
  34  3:08  Zergling x6  
  37  3:15  Zergling x6  
  37  3:16  Zergling x2  
  41  3:20  Zergling x2  
  41  3:22  Zergling x2  
  43  3:32  Zergling x4  
  45  3:38  Zergling x6  
  48  3:47  Extractor  
  47  3:48  Drone x2, Roach Warren  
  47  3:49  Drone x3  
  47  4:10  Drone x3  
  47  4:11  Drone  
  43  4:24  Hatchery  
  43  4:26  Zergling x8  
  43  4:29  Lair  
  45  4:42  Extractor  
  45  4:44  Drone  
  45  4:45  Drone x2  
  47  4:50  Evolution Chamber  
  47  4:52  Evolution Chamber  
  41  5:13  Overlord  
  41  5:14  Drone, Overlord  
  39  5:15  Drone x3  
  39  5:18  Drone x3  
  46  5:25  Zerg Missile Weapons Level 1, Zerg Ground Armor Level 1  
  46  5:26  Glial Reconstitution  
  47  5:35  Drone x2  
  47  5:36  Drone x2  
  47  5:37  Queen  
  47  5:38  Drone  
  53  5:44  Drone x5  
  58  5:50  Roach x2  
  58  5:51  Roach x2  
  66  5:57  Overlord  
  66  6:00  Overlord x2  
  66  6:20  Roach x5  
  66  6:21  Roach x2  
  66  6:25  Roach x5  
  90  6:46  Ravager x6  
  96  6:47  Overlord x4  
  96  6:57  Drone  
  96  6:59  Drone  
  96  7:00  Drone x5  
  103  7:04  Drone x2  
  103  7:06  Extractor, Overlord x2  
  103  7:07  Overlord x2  
  104  7:14  Infestation Pit  
  103  7:36  Roach  
  103  7:37  Roach x6  
  109  7:38  Roach x4  
  125  7:50  Drone x3  
  128  8:04  Hatchery  
  127  8:09  Roach x2  
  127  8:10  Roach x4  
  127  8:12  Zerg Missile Weapons Level 2  
  139  8:19  Extractor  
  138  8:20  Drone  
  138  8:21  Drone x5, Extractor  
  137  8:46  Spire  
  137  8:48  Infestation Pit  
  115  8:49  Roach  
  115  8:50  Roach x6  
  115  8:51  Roach  
  87  9:40  Roach  
  87  9:41  Roach x6  
  87  9:42  Roach  
  93  9:47  Roach x2  
  78  10:00  Mutalisk x3  
  78  10:01  Mutalisk x4  
  81  10:08  Mutalisk  
  81  10:17  Spore Crawler  
  81  10:19  Spore Crawler  
  73  10:22  Drone x5  
  73  10:23  Mutalisk, Drone x4  
  73  10:24  Mutalisk  
Show
View Real Time Build Order
Export as new Build Order

demzi Zerg - Winner!

Build Orders: Hatch First 

Get SALT Encoding   

  12  0:00  Drone  
  13  0:13  Overlord  
  13  0:16  Drone  
  14  0:31  Drone x2  
  16  0:49  Hatchery  
  15  0:52  Drone  
  15  0:55  Drone  
  17  0:59  Drone  
  18  1:11  Extractor  
  18  1:15  Spawning Pool  
  18  1:18  Drone  
  17  1:22  Drone  
  18  1:28  Drone  
  19  1:40  Overlord  
  19  1:50  Drone  
  20  2:02  Queen x2  
  20  2:03  Zergling x4  
  26  2:12  Drone x2  
  28  2:23  Drone  
  28  2:24  Drone  
  30  2:44  Overlord x2  
  30  2:45  Drone x2  
  32  3:06  Roach Warren, Queen  
  32  3:08  Drone x4, Evolution Chamber  
  32  3:10  Evolution Chamber  
  35  3:17  Drone x4  
  39  3:20  Drone  
  39  3:22  Drone  
  41  3:31  Spine Crawler  
  40  3:34  Lair  
  40  3:38  Overlord  
  40  3:40  Drone  
  41  3:43  Drone  
  41  3:44  Drone  
  41  3:47  Drone  
  41  3:48  Drone  
  43  3:56  Zergling x6  
  43  4:00  Zergling x2  
  47  4:07  Roach  
  45  4:14  Roach  
  41  4:24  Roach x4  
  36  4:32  Spine Crawler  
  36  4:34  Drone x5  
  40  4:45  Drone x2  
  42  4:51  Queen  
  44  5:15  Drone, Evolution Chamber  
  44  5:16  Drone x6  
  50  5:29  Drone x2, Spire  
  50  5:33  Drone  
  52  5:37  Drone  
  52  5:42  Zerg Missile Weapons Level 1  
  53  5:44  Drone  
  53  5:46  Drone x3  
  53  5:49  Drone  
  58  5:50  Extractor  
  58  5:51  Extractor  
  56  6:09  Zergling x8  
  60  6:20  Overlord x2  
  60  6:34  Overlord x2  
  60  6:35  Overlord  
  60  6:38  Roach x4  
  68  6:55  Mutalisk x3  
  68  6:56  Mutalisk  
  76  7:05  Roach x2  
  76  7:06  Roach  
  82  7:09  Roach  
  82  7:12  Roach  
  82  7:15  Roach  
  88  7:27  Mutalisk  
  90  7:30  Overlord  
  90  7:31  Overlord x4  
  90  7:50  Mutalisk  
  92  7:52  Mutalisk  
  94  8:05  Zergling x2  
  95  8:06  Zergling x14  
  102  8:13  Mutalisk  
  102  8:15  Mutalisk  
  106  8:28  Mutalisk  
  107  8:47  Zergling x22  
  81  9:05  Zergling x2  
  81  9:06  Zergling x8  
  86  9:10  Mutalisk  
  84  9:36  Mutalisk x4  
  79  9:58  Mutalisk x2  
  74  10:21  Zergling x2  
  74  10:22  Zergling x20  
Tags
 
Matchup
ZvZ
Race
Zerg
Replay Pack
Multiplayer
Spawn Locations
Cross Positions
Add a new tag
Caveats
  • Supply blocks, unpowered buildings, or Contaminate may cause inaccurate times.
  • Supply counts are checked every 10 seconds.